 Dungeon Crawl Stone Soup version 0.31-a0-210-gccc998df9b (webtiles) character file.

Game seed: 4408362333732048558

84110 senseless the Brawler (level 15, -4/163 HPs)
             Began as a Troll Berserker on June 29, 2023.
             Was a High Priest of Trog.
             Slain by a nagaraja
             ... wielding a +0 club
              (13 damage)
             ... in a wizard's laboratory.
             The game lasted 00:52:32 (14691 turns).

senseless the Brawler (Troll Berserker)            Turns: 14691, Time: 00:52:33

Health: -4/163     AC: 19    Str: 29    XL:     15   Next: 34%
Magic:  14/14      EV: 15    Int:  1    God:    Trog [*****.]
Gold:   851        SH:  0    Dex: 13    Spells: 14/14 levels left

rFire   + .          .
                       - Unarmed
rCold   . . .        (no shield)
rNeg    + + .        F - +2 acid dragon scales
rPois   +            (helmet restricted)
rElec   .            J - +2 cloak {Stlth+}
rCorr   +            (gloves unavailable)
SInv    +            (boots unavailable)
Will    +....        Q - amulet of the acrobat
Stlth   ++           j - +4 ring of protection
HPRegen 1.27/turn    o - ring "Toyshaoh" {rPois rF+ rN++}
MPRegen 0.14/turn

%: acrobat
@: about to teleport, on berserk cooldown
A: large, unfitting armour, claws 3, regeneration 1, shaggy fur 1, tough skin 1,
hooves 1, iridescent scales 1, see invisible, clumsy 1, dopey 1, inability to
drink after injury 1
a: Renounce Religion, Berserk, Trog's Hand, Brothers in Arms


You were in a wizard's laboratory.
You worshipped Trog.
Trog was extremely pleased with you.
You visited 3 branches of the dungeon, and saw 18 of its levels.
You visited the Abyss 1 time.
You also visited: Ossuary and Wizlab.

You collected 2102 gold pieces.
You spent 1251 gold pieces at shops.

Inventory:

Hand Weapons
 i - a +2 arbalest of freezing
 R - a +2 antimagic lajatang
 T - the +3 sling of Kinliv {flame, rC+}
   (You found it on level 13 of the Dungeon)

   rC:        It protects you from cold.
 U - a +0 scimitar of flaming
Missiles
 e - 3 throwing nets
Armour
 q - a +2 robe of willpower
 y - a +2 robe of resistance
 B - a +2 robe of cold resistance
 F - +2 acid dragon scales (worn)
 J - a +2 cloak of stealth (worn)
Jewellery
 a - a +6 ring of strength
 b - a ring of fire
 f - a ring of poison resistance
 h - a +6 ring of strength
 j - a +4 ring of protection (left claw)
 k - a ring of magical power
 n - a ring of willpower
 o - the ring "Toyshaoh" (right claw) {rPois rF+ rN++}
   (You acquired it on level 2 of the Orcish Mines)

   [ring of protection from fire]

   rF:        It protects you from fire.
   rPois:     It protects you from poison.
   rN:        It greatly protects you from negative energy.
 z - an amulet of faith
 H - a ring of positive energy
 I - a ring of resist corrosion
 O - a ring of fire
 P - a ring of fire
 Q - an amulet of the acrobat (around neck)
Wands
 c - a wand of paralysis (24)
 d - a wand of flame (68)
 w - a wand of mindburst (16)
 K - a wand of quicksilver (15)
 X - a wand of digging (6)
Scrolls
 l - a scroll of fog
 p - a scroll of enchant armour
 t - 2 scrolls of teleportation
 x - 2 scrolls of revelation
 L - 2 scrolls of fear
 M - 2 scrolls of blinking
 S - 2 scrolls of enchant weapon
 V - a scroll of identify
Potions
 g - a potion of cancellation
 m - 4 potions of heal wounds
 r - 9 potions of curing
 s - 4 potions of lignification
 u - 5 potions of brilliance
 v - 3 potions of magic
 A - 2 potions of attraction
 C - a potion of enlightenment
 D - 2 potions of mutation
 W - a potion of haste
Miscellaneous
 G - a piece from Xom's chessboard (15/15)
 N - a tin of tremorstones (2/2)


   Skills:
 + Level 14.0 Fighting
 + Level 13.8 Dodging
 + Level 16.2 Unarmed Combat


You had 14 spell levels left.
You didn't know any spells.
Your spell library contained the following spells:

 Spells                   Type           Power      Damage    Failure   Level
 Apportation              Tloc           0%         N/A       63%         1
 Kiss of Death            Conj/Necr      0%         2d5       63%         1
 Magic Dart               Conj           0%         1d3       63%         1
 Necrotise                Necr           0%         1d4       63%         1
 Summon Small Mammal      Summ           0%         N/A       63%         1
 Searing Ray              Conj           0%         2d4       77%         2
 Inner Flame              Hex/Fire       0%         N/A       94%         3
 Ozocubu's Armour         Ice            0%         N/A       94%         3
 Volatile Blastmotes      Fire/Tloc      0%         2d10      94%         3
 Animate Dead             Necr           0%         N/A       100%        4
 Flame Wave               Conj/Fire      0%         2d4       100%        4
 Fulminant Prism          Conj/Hex       0%         3d5       100%        4
 Iskenderun's Mystic Bla  Conj/Tloc      0%         2d3       100%        4
 Sticky Flame             Conj/Fire      0%         2d3       100%        4
 Summon Ice Beast         Ice/Summ       0%         N/A       100%        4
 Alistair's Intoxication  Tmut/Pois      0%         N/A       100%        5
 Borgnjor's Vile Clutch   Necr/Erth      0%         N/A       100%        5
 Fireball                 Conj/Fire      0%         3d3       100%        5
 Lee's Rapid Deconstruct  Erth           0%         3d4*      100%        5
 Metabolic Englaciation   Hex/Ice        0%         N/A       100%        5
 Summon Mana Viper        Hex/Summ       0%         N/A       100%        5
 Yara's Violent Unravell  Hex/Tmut       0%         3d3       100%        5
 Death Channel            Necr           0%         N/A       100%        6
 Eringya's Noxious Bog    Tmut/Pois      0%         N/A       100%        6
 Simulacrum               Ice/Necr       0%         N/A       100%        6
 Enfeeble                 Hex            0%         N/A       100%        7
 Monstrous Menagerie      Summ           0%         N/A       100%        7
 Fire Storm               Conj/Fire      0%         5d1       100%        9


Dungeon Overview and Level Annotations

Branches:
Dungeon (15/15)            Temple (0/1) D:7            Lair (0/5) D:11
    Orc (2/2) D:10            Elf (1/3) Orc:2        Vaults (0/5) D:13
 Depths (0/4) D:15        Ossuary (visited)          WizLab (1/1)

Altars:
Ashenzari
Cheibriados
Dithmenos
Hepliaklqana
Qazlal
Sif Muna
Trog
Uskayaw
Xom
The Shining One

Shops:
D:6 *!([   D:9 [   Orc:2 ?(=

Portals:
Pandemonium: Orc:2

Annotations:
D:9 1 runed translucent door
D:10 3 runed translucent doors, KimchiStew's ghost, journeyman NaWn; kae's ghost, novice DrTm; senseless's ghost, novice FeTm


Innate Abilities, Weirdness & Mutations

You are too large for most types of armour.
You have claws for hands.
Your natural rate of healing is unusually fast.
You are covered in fur. (AC +1)
You have tough skin. (AC +1)
You have large cloven feet.
You are partially covered in iridescent scales. (AC +2)
You have supernaturally acute eyesight. (SInv)
You are clumsy. (Dex -2)
You are dopey. (Int -2)
You occasionally lose the ability to drink potions when taking damage.


Message History

A demonspawn corrupter comes into view. It is wielding a +0 dire flail.
You scratch the demonspawn corrupter but do no damage.
Your kick misses the demonspawn corrupter.
The demonspawn corrupter is severely wounded.
The worldbinder calls forth creatures from the Snake Pit!
The acid blob closely misses you.
The demonspawn corrupter hits you but does no damage.
The demonspawn corrupter kicks you.
* * * LOW HITPOINT WARNING * * *
A sphinx comes into view.
The demonspawn corrupter calls forth creatures from the Tomb of the Ancients!
A wizard comes into view. It is wielding a +0 dagger.
The sphinx shouts!
You mangle the demonspawn corrupter!!
You kick the demonspawn corrupter, but do no damage.
Your claw misses the demonspawn corrupter.
The demonspawn corrupter is almost dead.
The acid blob hits you but does no damage.
You barely miss the demonspawn corrupter.
You kick the demonspawn corrupter, but do no damage.
Your claw misses the demonspawn corrupter.
The demonspawn corrupter is almost dead.
The demonspawn corrupter invokes the aid of Lugonu against you.
A deep elf high priest comes into view. It is wielding a +0 scimitar.
The nagaraja hits you from afar with a +0 spear!
* * * LOW HITPOINT WARNING * * *
The acid blob barely misses you.
As you read the scroll of teleportation, it crumbles to dust.
You feel strangely unstable.
The worldbinder calls forth creatures from the Snake Pit!
The sphinx mumbles some strange words.
Something smites you!
* * * LOW HITPOINT WARNING * * *
The wizard mumbles some strange words.
The wizard blinks!
The demonspawn corrupter calls forth creatures from the Pits of Slime!
The acid blob spits acid at you.
The splash of acid hits you but does no damage.
The nagaraja hits you with a +0 club!
You die...

§.!.♣♣♣....#
#.........!# ♣.§
♣.[...# #...$$$p...+
♣♣
♣##'#######..!§§$$.8.#
#......!!#...$|§$
#..~!~~.!#...§§$$
#.~~~~~~)#.......
#.§§~~~~.#.......
#§§§§§~..'N......
#§§§§§!.J@Je.....
##########6NJ....
N###### xH 6N. S### .#
.#


You could see an acid blob (summoned), 2 demonspawn corrupters, a sphinx, 2
nagarajas, 2 naga warriors, a deep elf sorcerer (fast), a titanic slime creature
(summoned), a rockslime (summoned), a wizard, a worldbinder and a black mamba
(summoned).

Vanquished Creatures
  A bone dragon (Abyss:2)
  A Hell Sentinel (Abyss:4)
  2 tentacled starspawn
  A nagaraja (WizLab)
  A very ugly thing (D:15)
  Azrael (D:13)
  A lorocyproca (Abyss:2)
  An ettin (WizLab)
  A rakshasa (Abyss:4)
  Harold (D:11)
  An ice dragon (D:12)
  An ogre mage (D:15)
  3 demonspawn (Orc:2)
  2 hydras
  A merfolk aquamancer (WizLab)
  A centaur warrior (D:13)
  3 boulder beetles
  A dancing weapon (Elf:1)
  10 two-headed ogres
  A soul eater (Orc:2)
  6 orc high priests (Orc:2)
  2 wretched stars (Abyss:2)
  A deep elf knight (Elf:1)
  A glowing orange brain (D:15)
  A sixfirhy (Abyss:2)
  A spriggan druid (WizLab)
  Lodul (D:11)
  A deep elf archer (Elf:1)
  An orb spider (Abyss:2)
  6 wizards
  3 necromancers
  8 deep elf pyromancers
  5 orc knights
  3 deep elf zephyrmancers
  10 orc sorcerers
  6 cyclopes
  6 ugly things
  A worldbinder (WizLab)
  A will-o-the-wisp (Abyss:2)
  A moth of wrath (shapeshifter) (D:15)
  A guardian serpent (WizLab)
  2 manticores
  A rust devil (Orc:2)
  2 apocalypse crabs (Abyss:2)
  An orange demon (Orc:2)
  4 smoke demons
  An unseen horror (D:12)
  Maggie (D:7)
  4 large abominations
  A kobold demonologist (D:14)
  Psyche (D:9)
  7 trolls
  6 meliai
  A red devil (Orc:2)
  An ancient zyme (Abyss:2)
  A queen bee (shapeshifter) (D:13)
  A hornet (shapeshifter) (D:14)
  Grinder (D:3)
  3 raiju (Abyss:4)
  Sigmund (D:6)
  A shadow (D:10)
  A vampire (D:11)
  5 slime creatures
  Eustachio (D:5)
  3 small abominations
  A ynoxinul (Abyss:4)
  24 yaks
  A wyvern (D:8)
  A human (shapeshifter) (D:15)
  A human (D:8)
  Grum (D:10)
  7 fire elementals
  4 wraiths
  4 hogs (D:8)
  A basilisk (D:15)
  2 golden eyes (WizLab)
  A neqoxec (Abyss:4)
  5 wargs
  7 vampire mosquitoes
  Edmund (D:6)
  Duvessa (D:6)
  5 hell hounds (D:13)
  5 water moccasins
  An acid dragon (D:9)
  2 ice beasts
  30 orc warriors
  A sky beast (D:7)
  3 wolves (D:10)
  16 ogres
  2 black bears
  5 boggarts
  4 centaurs
  2 phantoms (D:6)
  2 kobold brigands
  A bullfrog (D:6)
  4 gnoll sergeants
  9 scorpions
  4 water moccasin zombies (Ossuary)
  2 wights (D:10)
  Dowan (D:6)
  6 killer bees (D:9)
  14 howler monkeys
  An electric eel (D:8)
  2 jellies
  Crazy Yiuf (D:2)
  27 orc priests
  3 hounds (D:5)
  6 iguanas
  3 sleepcaps
  13 orc wizards
  3 mummies
  14 gnolls
  7 adders
  3 shadow imps
  2 white imps (D:6)
  3 adder zombies (Ossuary)
  3 worms
  4 dart slugs
  64 orcs
  13 endoplasms
  8 giant cockroaches
  10 goblins
  2 hobgoblins (D:2)
  6 jackals (D:1)
  5 quokkas
  4 ball pythons
  3 bats
  2 frilled lizards
  7 gnoll zombies (Ossuary)
  A goblin zombie (D:4)
  4 hobgoblin zombies (Ossuary)
  10 kobolds
  4 kobold zombies
  10 orc zombies (Ossuary)
  4 rats
  A butterfly (D:9)
  A starspawn tentacle (WizLab)
587 creatures vanquished.

Vanquished Creatures (collateral kills)
  3 wights (D:10)
3 creatures vanquished.

Vanquished Creatures (others)
  3 orcs
  4 foxfires (Abyss:2)
  6 starspawn tentacles
13 creatures vanquished.

Grand Total: 603 creatures vanquished

Notes
Turn   | Place    | Note
-------+----------+-------------------------------------------
     0 | D:1      | senseless the Troll Berserker began the quest for the Orb.
     0 | D:1      | Reached XP level 1. HP: 22/22 MP: 0/0
   134 | D:1      | Reached XP level 2. HP: 29/29 MP: 1/1
   260 | D:1      | Found a faded altar of an unknown god.
   416 | D:1      | Reached XP level 3. HP: 36/36 MP: 2/2
   556 | D:1      | Reached ** piety under Trog
   900 | D:2      | Got the Verses on Combustion and Open Graves
   931 | D:2      | Reached XP level 4. HP: 45/45 MP: 3/3
  1077 | D:2      | Found a runed translucent door.
  1078 | D:2      | Noticed Crazy Yiuf
  1268 | D:2      | Killed Crazy Yiuf
  1318 | D:3      | Reached skill level 4 in Unarmed Combat
  1334 | D:3      | Reached XP level 5. HP: 47/53 MP: 4/4
  1413 | D:3      | Noticed Grinder
  1429 | D:3      | Found a broken altar of Ashenzari.
  1434 | D:3      | Killed Grinder
  1435 | D:3      | Reached XP level 6. HP: 11/62 MP: 5/5
  1561 | D:3      | Found a stormy altar of Qazlal.
  1561 | D:3      | Found a snail-covered altar of Cheibriados.
  1595 | D:3      | Found a bloodstained altar of Trog.
  1686 | D:3      | You fall into a shaft and drop 2 floors!
  1686 | D:5      | Entered Level 5 of the Dungeon
  1789 | D:5      | Noticed Eustachio
  1802 | D:5      | Killed Eustachio
  1803 | D:5      | Reached skill level 5 in Unarmed Combat
  1803 | D:5      | Reached XP level 7. HP: 71/71 MP: 6/6
  1808 | D:5      | Gained mutation: You expend magic power (3 MP) to
                  | strengthen your wands. [potion of mutation]
  1865 | D:5      | Found a shadowy altar of Dithmenos.
  2345 | D:4      | Found a glowing golden altar of the Shining One.
  2386 | D:4      | Found a sand-covered staircase.
  2392 | Ossuary  | Entered an ossuary
  2423 | Ossuary  | Reached *** piety under Trog
  2498 | Ossuary  | Reached skill level 5 in Fighting
  2540 | Ossuary  | Reached skill level 6 in Unarmed Combat
  2556 | Ossuary  | Reached skill level 5 in Dodging
  2609 | D:4      | Reached XP level 8. HP: 80/80 MP: 7/7
  2878 | D:4      | Found a hide-covered altar of Uskayaw.
  2896 | D:4      | Reached **** piety under Trog
  3085 | D:3      | Found a hazy altar of Hepliaklqana.
  3206 | D:6      | Noticed Sigmund
  3215 | D:6      | Killed Sigmund
  3230 | D:6      | Noticed Edmund
  3234 | D:6      | Killed Edmund
  3326 | D:6      | Reached skill level 7 in Unarmed Combat
  3390 | D:6      | Found Umpedug's Assorted Antiques.
  3391 | D:6      | Found Piorgh's Weapon Shoppe.
  3393 | D:6      | Found Joutsoal's Distillery.
  3394 | D:6      | Found Ciep's Armour Shoppe.
  3400 | D:6      | Bought a scroll of identify for 60 gold pieces
  3400 | D:6      | Bought a purple potion for 27 gold pieces
  3400 | D:6      | Bought a scroll labelled GOAMUOR RAREPS for 30 gold pieces
  3403 | D:6      | Bought a potion of curing for 39 gold pieces
  3403 | D:6      | Bought a potion of lignification for 39 gold pieces
  3547 | D:6      | Noticed Duvessa
  3549 | D:6      | Noticed Dowan
  3553 | D:6      | Killed Duvessa
  3557 | D:6      | Reached XP level 9. HP: 89/89 MP: 8/8
  3561 | D:6      | Killed Dowan
  3734 | D:6      | Noticed a troll
  3746 | D:6      | Killed a troll
  3759 | D:6      | Reached skill level 8 in Unarmed Combat
  4140 | D:6      | Bought a potion of mutation for 104 gold pieces
  4140 | D:6      | Lost mutation: You expend magic power (3 MP) to strengthen
                  | your wands. [potion of mutation]
  4140 | D:6      | Gained mutation: You have large cloven feet. [potion of
                  | mutation]
  4140 | D:6      | Gained mutation: You have supernaturally acute eyesight.
                  | (SInv) [potion of mutation]
  4140 | D:6      | Gained mutation: You are partially covered in iridescent
                  | scales. (AC +2) [potion of mutation]
  4227 | D:7      | Noticed Maggie
  4242 | D:7      | Killed Maggie
  4337 | D:7      | Found a staircase to the Ecumenical Temple.
  4697 | D:7      | Reached XP level 10. HP: 102/102 MP: 9/9
  4983 | D:7      | Reached skill level 9 in Unarmed Combat
  5442 | D:8      | Noticed a two-headed ogre
  5449 | D:8      | Killed a two-headed ogre
  5560 | D:8      | Found a shimmering altar of Xom.
  6118 | D:9      | Noticed Psyche
  6124 | D:9      | Killed Psyche
  6162 | D:9      | Found Asusuo's Antique Armour Boutique.
  6189 | D:9      | Reached skill level 10 in Unarmed Combat
  6620 | D:9      | Reached ***** piety under Trog
  6672 | D:9      | Found a runed translucent door.
  6674 | D:9      | Found a runed translucent door.
  6908 | D:9      | Noticed a wizard
  6938 | D:9      | Reached XP level 11. HP: 113/113 MP: 10/10
  6959 | D:9      | Killed a wizard
  7063 | D:10     | Entered Level 10 of the Dungeon
  7177 | D:10     | Found a runed translucent gate.
  7177 | D:10     | Found a runed translucent gate.
  7177 | D:10     | Found a runed translucent gate.
  7178 | D:10     | Noticed kae's ghost (novice DrTm)
  7179 | D:10     | Noticed senseless's ghost (novice FeTm)
  7179 | D:10     | Noticed KimchiStew's ghost (journeyman NaWn)
  7201 | D:10     | Found a staircase to the Orcish Mines.
  7313 | D:10     | Reached skill level 11 in Unarmed Combat
  7508 | D:10     | Noticed Grum
  7526 | D:10     | Killed Grum
  7600 | D:10     | Noticed a two-headed ogre
  7608 | D:10     | Killed a two-headed ogre
  7892 | D:11     | Noticed a deep elf pyromancer
  7913 | D:11     | Found a staircase to the Lair.
  7999 | D:11     | Noticed Lodul
  8004 | D:11     | Killed Lodul
  8008 | D:11     | Noticed Harold
  8013 | D:11     | Reached skill level 10 in Fighting
  8017 | D:11     | Killed Harold
  8064 | D:11     | Reached XP level 12. HP: 125/126 MP: 11/11
  8064 | D:11     | Received a gift from Trog
  8078 | D:11     | Noticed a two-headed ogre
  8079 | D:11     | Reached skill level 10 in Dodging
  8084 | D:11     | Killed a two-headed ogre
  8193 | D:11     | Reached skill level 12 in Unarmed Combat
  8603 | D:12     | Noticed an ice dragon
  8621 | D:12     | Killed an ice dragon
  8707 | D:12     | Noticed a boulder beetle
  8743 | D:12     | Killed a boulder beetle
  8845 | D:12     | Noticed a boulder beetle
  8854 | D:12     | Killed a boulder beetle
  9445 | D:13     | Reached skill level 13 in Unarmed Combat
  9585 | D:13     | Noticed a two-headed ogre
  9585 | D:13     | Noticed a two-headed ogre
  9589 | D:13     | Killed a two-headed ogre
  9590 | D:13     | Killed a two-headed ogre
  9601 | D:13     | Noticed a centaur warrior
  9605 | D:13     | Found a gate to the Vaults.
  9628 | D:13     | Noticed a centaur warrior
  9637 | D:13     | Reached XP level 13. HP: 124/137 MP: 12/12
  9711 | D:13     | Identified the +3 sling of Kinliv {flame, rC+}
  9935 | D:13     | Noticed Azrael
  9951 | D:13     | Killed Azrael
 10992 | D:14     | Found a shimmering blue altar of Sif Muna.
 11146 | D:15     | Entered Level 15 of the Dungeon
 11519 | D:15     | Reached skill level 14 in Unarmed Combat
 11633 | D:15     | Noticed a white very ugly thing
 11639 | D:15     | Killed a cyan very ugly thing
 11667 | D:15     | Found a staircase to the Depths.
 11684 | D:15     | Received a gift from Trog
 11841 | Orc:1    | Entered Level 1 of the Orcish Mines
 12217 | Orc:1    | Reached XP level 14. HP: 136/150 MP: 13/13
 12355 | Orc:1    | Found a bloodstained altar of Trog.
 12452 | Orc:2    | Entered Level 2 of the Orcish Mines
 12467 | Orc:2    | Found a staircase to the Elven Halls.
 12760 | Orc:2    | Found Piheox's Magic Scroll Shoppe.
 12761 | Orc:2    | Found Arocw's General Store.
 12785 | Orc:2    | Received a gift from Trog
 12963 | Orc:2    | Bought a scroll of acquirement for 832 gold pieces
 12963 | Orc:2    | Bought a scroll of enchant armour for 120 gold pieces
 12965 | Orc:2    | Acquired the ring "Toyshaoh" {rPois rF+ rN++}
 13214 | Orc:2    | Reached skill level 15 in Unarmed Combat
 13434 | Orc:2    | Found Rogis's Antique Weapon Boutique.
 13434 | Orc:2    | Found Cetewurgh's Jewellery Shop.
 13438 | Orc:2    | Found a one-way gate leading to the halls of Pandemonium.
 13510 | Elf:1    | Entered Level 1 of the Elven Halls
 13620 | Elf:1    | Received a gift from Trog
 13718 | Elf:1    | Found a magical portal.
 13722 | WizLab   | Entered Alistair's Party Mansion
 13848 | WizLab   | Noticed a tentacled starspawn
 13868 | WizLab   | Killed a tentacled starspawn
 14147 | Abyss:2  | Cast into level 2 of the Abyss (a wizard)
 14154 | Abyss:2  | Found a corrupted altar of Lugonu.
 14200 | Abyss:2  | Reached XP level 15. HP: 133/161 MP: 14/14
 14276 | Abyss:2  | Found a burning altar of Makhleb.
 14331 | Abyss:2  | Noticed a tentacled starspawn
 14343 | Abyss:2  | Killed a tentacled starspawn
 14350 | Abyss:2  | Found a burning altar of Makhleb.
 14363 | Abyss:2  | Found a corrupted altar of Lugonu.
 14381 | Abyss:2  | Reached skill level 16 in Unarmed Combat
 14526 | Abyss:2  | Noticed a bone dragon
 14540 | Abyss:2  | Killed a bone dragon
 14632 | Abyss:4  | Gained mutation: You sometimes lose the ability to drink
                  | potions when taking damage. [a neqoxec]
 14636 | Abyss:4  | Gained mutation: You are clumsy. (Dex -2) [a neqoxec]
 14638 | Abyss:4  | Gained mutation: You are dopey. (Int -2) [a neqoxec]
 14642 | Abyss:4  | Noticed a Hell Sentinel
 14658 | Abyss:4  | Killed a Hell Sentinel
 14658 | Abyss:4  | Noticed a tentacled starspawn
 14661 | WizLab   | Escaped the Abyss
 14668 | WizLab   | Noticed a nagaraja
 14675 | WizLab   | Killed a nagaraja
 14684 | WizLab   | Noticed a deep elf sorcerer
 14684 | WizLab   | Noticed a nagaraja
 14685 | WizLab   | Noticed an acid blob
 14686 | WizLab   | Noticed a nagaraja
 14688 | WizLab   | Noticed a sphinx
 14689 | WizLab   | Noticed a sphinx
 14691 | WizLab   | Slain by a nagaraja

Illustrated notes

Levels and vault maps discovered:
D:1:      evilmike_arrival_crescent, layout_loops_ring,
          shapermc_ecumenical_altar_mp_ritualfount
D:2:      layout_rooms, dk_noncrumbling_4, uniq_crazy_yiuf_cottage
D:3:      layout_rooms, cheibrodos_ashenzari_chains,
          mainiacjoe_overflow_alcove_1, gammafunk_temple_overflow_elements,
          mainiacjoe_overflow_tiny_flanked, uniq_grinder
D:4:      layout_rooms, mainiacjoe_overflow_large_starburst,
          nicolae_ossuary_entry_giza, minivault_25, kennysheep_boxes
D:5:      layout_loops_ring, nicolae_dithmenos_through_a_glass_darkly,
          uniq_eustachio
D:6:      minmay_razor_zed, layout_basic, mrwooster_statue_mirror,
          grunt_ministairs_2, minmay_shop_grid_forest, sigmund_edmund_badplayer,
          uniq_duvessa
D:7:      layout_basic, minmay_temple_entry_grid, corexii_checkpoint_b,
          kennysheep_another_room, st_stairs_9, uniq_maggie
D:8:      layout_basic, xom_butterflies, grunt_livestock, grunt_ministairs_4
D:9:      lemuel_insect_pit, layout_loops_cross, serial_shops, shop,
          evilmike_minifort, uniq_psyche
D:10:     layout_gridville, orc_0_dummy, gammafunk_ghost_cemetery, uniq_grum
D:11:     minmay_firetagon, layout_cave_pools, lair_entry_dummy, hex_medium,
          uniq_harold, uniq_lodul
D:12:     layout_loops_ring
D:13:     layout_roguey, david_vaults_1, uniq_azrael
D:14:     layout_layer_cave, led_sif_pool
D:15:     gammafunk_enter_depths_forms, layout_cave_pools
Orc:1:    layout_diamond_mine, david_defended_altar_orc
Orc:2:    pf_orc_diabolical, layout_caves, basic_altar
Elf:1:    eino_elf_arrival_customs, layout_geoelf_grid, mu_enter_wizlab_7,
          hangedman_elven_crosses_minicolossus
WizLab:   wizlab_alistair

Skill      XL: |  1  2  3  4  5  6  7  8  9 10 11 12 13 14 15 |
---------------+----------------------------------------------+-----
Fighting       | 3 4 5 6 7 8 10 11 12 13 14 | 14.0
Dodging        | 3 4 5 6 7 8 9 11 12 13 | 13.8
Unarmed Combat | 4 5 6 7 8 10 11 13 14 15 16 | 16.2

Action                     |  1- 3 |  4- 6 |  7- 9 | 10-12 | 13-15 || total
---------------------------+-------+-------+-------+-------+-------++-------
  Melee: Unarmed           |   100 |    82 |   323 |   505 |   668 ||  1678
         Punch             |       |     1 |    11 |    28 |    67 ||   107
         Kick              |       |       |    13 |   163 |   215 ||   391
         Scimitar          |       |       |       |       |     7 ||     7
         Flail             |       |       |       |       |     4 ||     4
 Invoke: Berserk           |       |     3 |     7 |    11 |    17 ||    38
         Trog's Hand       |       |       |     1 |     1 |     1 ||     3
         Brothers in Arms  |       |       |       |     1 |       ||     1
    Use: Scroll            |       |     5 |    11 |     6 |     5 ||    27
         Potion            |       |       |     7 |     2 |     3 ||    12
   Stab: Sleeping          |       |     1 |       |       |       ||     1
 Armour: Animal skin       |    25 |    28 |    73 |       |       ||   126
         Robe              |       |       |    53 |     4 |       ||    57
         Acid dragon scale |       |       |       |   213 |   263 ||   476
  Dodge: Dodged            |    47 |    37 |   184 |   347 |   476 ||  1091

Table legend: (Time is in decaauts)
 A = Elapsed time spent in this place.
 B = Non-inter-level travel time spent in this place.
 C = Inter-level travel time spent in this place.
 D = Time resting spent in this place.
 E = Time spent auto-exploring this place.
 F = Levels seen in this place.
 G = Mean time per level.
                   A        B        C        D        E       F      G
               +--------+--------+--------+--------+--------+-----+--------+
         Total |  14618 |  13625 |    993 |    824 |   9720 |  23 |  635.6 |
       Dungeon |  11661 |  10748 |    913 |    470 |   8251 |  15 |  777.4 |
  Orcish Mines |   1610 |   1530 |     80 |    142 |    977 |   2 |  805.0 |
   Elven Halls |    207 |    207 |      0 |     10 |     43 |   1 |  207.0 |
         Abyss |    477 |    477 |      0 |      0 |    246 |   3 |  159.0 |
       Ossuary |    195 |    195 |      0 |      0 |     75 |   1 |  195.0 |
        Wizlab |    467 |    467 |      0 |    201 |    128 |   1 |  467.0 |
               +--------+--------+--------+--------+--------+-----+--------+

Top non-repeatable levels by time:
     D:7: 1198 daAuts
     D:9: 1084 daAuts
    D:14: 1071 daAuts
   Orc:2: 1012 daAuts
     D:6: 979 daAuts
    D:12: 842 daAuts
     D:1: 805 daAuts
    D:13: 785 daAuts
    D:10: 785 daAuts
     D:8: 711 daAuts
    D:11: 673 daAuts
     D:5: 663 daAuts
   Orc:1: 598 daAuts
     D:2: 541 daAuts
     D:4: 530 daAuts
